 Dungeon Crawl Stone Soup version 0.24-b1 (webtiles) character file.

Game seed: 5264622232135071028, levelgen mode: deterministic

615 Peloso the Slasher (level 7, -2/61 HPs)
             Began as a Minotaur Fighter on Oct 13, 2019.
             Was an Initiate of Okawaru.
             Slain by an orc warrior
             ... wielding a +4 short sword
              (12 damage)
             ... in the Ecumenical Temple.
             The game lasted 00:06:34 (2569 turns).

Peloso the Slasher (Minotaur Fighter)               Turns: 2569, Time: 00:06:36

Health: -2/61      AC: 12    Str: 26    XL:     7   Next: 21%
Magic:  6/6        EV:  7    Int:  5    God:    Okawaru [......]
Gold:   180        SH:  0    Dex: 11    Spells: 6/6 levels left

rFire    . . .     SeeInvis .   a - +0 long sword
rCold    . . .     Gourm    .   c - +0 shield
rNeg     . . .     Faith    .   b - +0 chain mail (curse)
rPois    .         Spirit   .   t - +1 hat
rElec    .         Reflect  .   s - +0 cloak
rCorr    .         Harm     .   (no gloves)
MR       .....                  (no boots)
Stlth    ..........             (no amulet)
HPRegen  0.20/turn              r - ring of flight
MPRegen  0.10/turn              (no ring)

@: confused, mighty
A: retaliatory headbutt, horns 2
a: Renounce Religion, Evoke Flight


You were in the Ecumenical Temple.
You worshipped Okawaru.
Okawaru was noncommittal.
You were not hungry.

You visited 2 branches of the dungeon, and saw 6 of its levels.

You collected 180 gold pieces.

Inventory:

Hand Weapons
 a - a +0 long sword (weapon)
Armour
 b - a cursed +0 chain mail (worn)
 c - a +0 shield (worn)
 s - a +0 cloak (worn)
 t - a +1 hat (worn)
Jewellery
 r - a ring of flight (left hand)
 v - an uncursed ring of wizardry
 w - an uncursed ring of fire {unknown}
Wands
 n - a wand of digging (3)
 u - a wand of flame (7)
Scrolls
 e - a scroll of remove curse {unknown}
 g - 5 scrolls of identify {unknown}
 h - 3 scrolls of teleportation {unknown}
 i - a scroll of noise {unknown}
 p - a scroll of enchant weapon {unknown}
Potions
 j - a potion of degeneration {unknown}
 k - a potion of brilliance
 l - a potion of lignification {unknown}
 m - 2 potions of haste {unknown}
 o - a potion of curing
 q - 2 potions of heal wounds {unknown}
Comestibles
 f - 3 rations


   Skills:
 + Level 5.3 Fighting
 + Level 6.0 Long Blades
 + Level 5.7 Armour
 + Level 1.7 Dodging
 + Level 5.4 Shields


You had 6 spell levels left.
You didn't know any spells.
Your spell library was empty.

Dungeon Overview and Level Annotations

Branches:
Dungeon (7/15)             Temple (1/1) D:7

Altars:
Dithmenos
Elyvilon
Fedhas
Gozag
Hepliaklqana
Nemelex Xobeh
Okawaru
Ru
Sif Muna
Uskayaw
Xom
Zin
The Shining One

Annotations:
D:3 2 transporters


Innate Abilities, Weirdness & Mutations

You reflexively headbutt those who attack you in melee.
You have a pair of horns on your head.


Message History

You slash the orc wizard!
The orc wizard is almost dead.
The orc wizard casts a spell at you.
You are more confused.
The orc warrior hits you but does no damage.
You barely miss the orc warrior.
The orc wizard hits you but does no damage.
The orc warrior hits you but does no damage.
You closely miss the orc warrior. Your headbutt misses the orc warrior.
The orc warrior hits you with a +4 short sword!
The orc wizard casts a spell at you. You resist with some effort.
You closely miss the orc wizard. You headbutt the orc wizard.
You kill the orc wizard!
Okawaru accepts your kill.
Your Long Blades skill increases to level 6!
The orc warrior hits you with a +4 short sword!
* * * LOW HITPOINT WARNING * * *
The orc warrior hits you with a +4 short sword!
You die...

♣.8.....8.............
♣.....................
♣.....................
♣...........P....P....
♣...................P.
♣............♣.♣.♣.♣.♣
♣.⌠.....⌠.............
♣.....................
♣...)@................
♣....o................
♣.⌠.....⌠.............
♣............♣.♣.♣.♣.♣
♣.....................
♣.....................
♣.....................
♣.....................


You could see an orc warrior.

Vanquished Creatures
  Sigmund (D:3)
  A centaur (D:7)
  A water moccasin skeleton (D:7)
  A hound (D:7)
  An orc priest (D:3)
  A worker ant (D:4)
  Natasha (thrice) (D:3)
  2 orc wizards
  4 adders
  An ooze (D:2)
  3 worms
  A dart slug (D:1)
  A leopard gecko (D:3)
  4 orcs
  8 bats
  3 giant cockroaches
  10 goblins
  11 hobgoblins
  2 jackals (D:4)
  2 quokkas
  A ball python (D:1)
  6 frilled lizards
  6 kobolds
  7 rats
81 creatures vanquished.

Notes
Turn   | Place    | Note
-------+----------+-------------------------------------------
     0 | D:1      | Peloso the Minotaur Fighter began the quest for the Orb.
     0 | D:1      | Reached XP level 1. HP: 19/19 MP: 0/0
   251 | D:1      | Reached XP level 2. HP: 27/27 MP: 1/1
   788 | D:2      | Reached XP level 3. HP: 30/33 MP: 2/2
   791 | D:2      | Found a glowing silver altar of Zin.
   926 | D:2      | Reached skill level 3 in Long Blades
  1016 | D:2      | Found a sacrificial altar of Ru.
  1161 | D:2      | Reached XP level 4. HP: 37/41 MP: 3/3
  1644 | D:3      | Noticed Sigmund
  1662 | D:3      | Killed Sigmund
  1662 | D:3      | Reached skill level 4 in Long Blades
  1662 | D:3      | Reached skill level 1 in Dodging
  1662 | D:3      | Reached XP level 5. HP: 34/47 MP: 4/4
  1697 | D:3      | Reached skill level 5 in Armour
  1700 | D:3      | Reached XP level 6. HP: 42/55 MP: 5/5
  1783 | D:3      | Found a transporter.
  1853 | D:3      | Noticed Natasha
  1864 | D:3      | Killed Natasha
  1873 | D:3      | Reached skill level 5 in Fighting
  1874 | D:3      | Noticed Natasha
  1884 | D:3      | Killed Natasha
  1899 | D:3      | Found a transporter.
  2052 | D:3      | Noticed Natasha
  2061 | D:3      | Killed Natasha
  2061 | D:3      | Reached skill level 5 in Long Blades
  2090 | D:3      | Found a hide-covered altar of Uskayaw.
  2140 | D:3      | Reached skill level 5 in Shields
  2356 | D:4      | You fall into a shaft and drop 3 floors!
  2404 | D:7      | Noticed an orc warrior
  2409 | D:7      | Reached XP level 7. HP: 50/61 MP: 6/6
  2466 | D:7      | Found a staircase to the Ecumenical Temple.
  2476 | Temple   | Entered the Ecumenical Temple
  2522 | Temple   | Became a worshipper of Warmaster Okawaru
  2569 | Temple   | Reached skill level 6 in Long Blades
  2569 | Temple   | Slain by an orc warrior

Skill      XL: |  1  2  3  4  5  6  7 |
---------------+----------------------+-----
Shields        | 4 5 |  5.4
Fighting       | 4 5 |  5.3
Armour         | 4 5 |  5.7
Long Blades    | 3 4 5 6 |  6.0
Dodging        | 1 |  1.7

Action                   |  1- 3 |  4- 6 |  7- 9 || total
-------------------------+-------+-------+-------++-------
Melee: Long sword        |    75 |   122 |     9 ||   206
       Headbutt          |     8 |    20 |     2 ||    30
  Use: Potion            |     2 |       |     1 ||     3
  Eat: Chunk             |       |     4 |       ||     4
       Ration            |       |       |     1 ||     1
Armor: Scale mail        |    33 |    12 |       ||    45
       Chain mail        |       |    41 |     8 ||    49
Dodge: Dodged            |    21 |    27 |     3 ||    51
Block: Shield            |    33 |    63 |     3 ||    99
       Rpst.: Long sword |     7 |     7 |       ||    14
